 Dungeon Crawl Stone Soup version 0.28-a0-1435-g82390b3a13 (webtiles) character file.

Game seed: 17486819639493573761

51 oldriver the Skirmisher (level 3, 0/33 HPs)
             Began as a Ghoul Chaos Knight on Jan 10, 2022.
             Was a Plaything of Xom.
             Slain by a gnoll (1 damage)
             ... on level 1 of the Dungeon.
             The game lasted 00:01:43 (1657 turns).

oldriver the Skirmisher (Ghoul Chaos Knight)        Turns: 1657, Time: 00:01:44

Health: 0/33       AC:  5    Str: 17    XL:     3   Next: 81%
Magic:  2/2        EV: 11    Int:  7    God:    Xom [.*....]
Gold:   22         SH:  0    Dex:  8    Spells: 2/2 levels left

rFire   . . .      SeeInvis .     - Unarmed
rCold   + . .      Faith    .   (no shield)
rNeg    + + +      Spirit   .   a - +2 leather armour
rPois   ∞          Reflect  .   (no helmet)
rElec   .          Harm     .   (no cloak)
rCorr   .          Rampage  .   (no gloves)
Will    .....                   (no boots)
Stlth   +.........              (no amulet)
HPRegen 0.00/turn               (no ring)
MPRegen 0.08/turn               (no ring)

@: inhibited regen, hasted, very quick
A: claws 1, cold resistance 1, negative energy resistance 3, inhibited
regeneration, torment resistance 2
a: Renounce Religion


You were on level 1 of the Dungeon.
You worshipped Xom.
You were a plaything of Xom.
You visited 1 branch of the dungeon, and saw 2 of its levels.

You collected 22 gold pieces.

Inventory:

Armour
 a - a +2 leather armour (worn)
Scrolls
 c - a scroll of noise {unknown}


   Skills:
 + Level 4.3 Fighting
 - Level 1.7 Armour
 + Level 2.2 Dodging
 - Level 3.2 Unarmed Combat


You had 2 spell levels left.
You didn't know any spells.
Your spell library contained the following spells:

 Spells                   Type           Power      Damage    Failure   Level
 Summon Small Mammal      Summ           0%         N/A       50%         1
 Call Canine Familiar     Summ           0%         N/A       86%         3
 Summon Guardian Golem    Hex/Summ       0%         N/A       86%         3


Dungeon Overview and Level Annotations

Branches:
Dungeon (2/15)

Altars:
Xom


Innate Abilities, Weirdness & Mutations

You thrive by killing the living.
You are immune to poison.
You have sharp fingernails.
Your flesh is cold resistant. (rC+)
You are immune to negative energy. (rN+++)
You do not regenerate when monsters are visible.
You are immune to unholy pain and torment.


Message History

The gnoll misses you.
You climb upwards.
There is a stone staircase leading down here.
You start resting.
Xom snickers.
Nothing appears to happen...
Ominous!
You start resting.
HP restored.
You climb downwards.
The gnoll hits you with a +0 spear. The gnoll closely misses you.
The gnoll hits you with a +0 spear. The gnoll closely misses you.
There is a stone staircase leading up here.
You scratch the gnoll.
The gnoll is heavily wounded.
The gnoll closely misses you. x2
You closely miss the gnoll.
The gnoll is heavily wounded.
The gnoll hits you with a +0 spear.
The gnoll hits you from afar with a +0 halberd!
You are too injured to fight recklessly!
You are too injured to fight recklessly!
The gnoll hits you with a +0 spear.
The gnoll hits you from afar with a +0 halberd!
* * * LOW HITPOINT WARNING * * *
You climb upwards.
There is a stone staircase leading down here.
The gnoll closely misses you.
You see here 23 sling bullets.
You are now a plaything of Xom. "Hum-dee-hum-dee-hum..."
The gnoll seems to grow stronger.
It was a potion of curing.
You feel better.
It was a potion of haste.
You feel yourself speed up. The gnoll hits you with a +0 spear!
* * * LOW HITPOINT WARNING * * *
You barely miss the gnoll.
The gnoll is lightly wounded.
The gnoll hits you with a +0 spear.
You die... "Boring in life, boring in death..."

#.#####..).....## #..# #
#.#####.........############
#...........................
######..###.##.#############
##########...# #................(
.............# ####.#############
####...####### #............##
#...# #####....#######.## #)..#
#.@g#............## #...#
#.#.#.#...........# #...#
###.#.#............
####...##########.#)#............
...#...#........#.#^###........##
####...########.#.#.##........###
#...# #.#.#.#..#......... #...#
#.#.#.#..#......... #...#
#...#...###.#.#....


You could see a gnoll (strong).

Vanquished Creatures
  An adder (D:2)
  A dart slug (D:1)
  3 ball pythons
  6 endoplasms (D:1)
  6 goblins
  2 hobgoblins
  3 kobolds (D:1)
  2 quokkas
  4 bats
  2 frilled lizards
  5 rats
35 creatures vanquished.

Notes
Turn   | Place    | Note
-------+----------+-------------------------------------------
     0 | D:1      | oldriver the Ghoul Chaos Knight began the quest for the
                  | Orb.
     0 | D:1      | Reached XP level 1. HP: 19/19 MP: 0/0
     4 | D:1      | You fall into a shaft and drop 1 floor!
    38 | D:2      | Reached skill level 1 in Dodging
   114 | D:2      | Reached XP level 2. HP: 15/27 MP: 1/1
   246 | D:2      | XOM: silly message
   505 | D:1      | Reached XP level 3. HP: 33/33 MP: 2/2
   548 | D:1      | XOM: silly message
   550 | D:1      | Reached skill level 4 in Fighting
   555 | D:1      | XOM: silly message
  1143 | D:1      | XOM: scenery: create altars
  1475 | D:1      | XOM: silly message
  1649 | D:1      | XOM: enchant monster (bad)
  1656 | D:1      | HP: 1/33 [gnoll (8)]
  1657 | D:1      | Slain by a gnoll

Illustrated notes

Levels and vault maps discovered:
D:1:      dpeg_arrival_tiny_a, layout_rooms, serial_co_window_serial,
          co_window_paths_b, co_window_of_opportunity_a, co_window_corner_a,
          co_window_paths_b, co_window_paths_a, co_window_corner_a,
          co_window_corner_a, co_window_broadway_c, co_window_paths_c,
          co_window_broadway_b, co_window_broadway_b, co_window_2corner,
          glass_columns_a, glass_columns_a, glass_columns_b, glass_columns_b,
          glass_columns_a
D:2:      kennysheep_the_goblin_king, layout_basic, minivault_5, uniq_terence

Skill      XL: |  1  2  3 |
---------------+----------+-----
Dodging        | 1 2 |  2.2
Fighting       | 4 |  4.3
Armour         | |  1.7
Unarmed Combat | |  3.2

Action                   || total
-------------------------++-------
Melee: Unarmed           ||   134
       Punch             ||     5
  Use: Potion            ||     2
Armor: Leather armour    ||    54
Dodge: Dodged            ||    89

Table legend: (Time is in decaauts)
 A = Elapsed time spent in this place.
 B = Non-inter-level travel time spent in this place.
 C = Inter-level travel time spent in this place.
 D = Time resting spent in this place.
 E = Time spent auto-exploring this place.
 F = Levels seen in this place.
 G = Mean time per level.
                   A        B        C        D        E       F      G
               +--------+--------+--------+--------+--------+-----+--------+
         Total |   1653 |   1647 |      6 |    464 |    823 |   2 |  826.5 |
       Dungeon |   1653 |   1647 |      6 |    464 |    823 |   2 |  826.5 |
               +--------+--------+--------+--------+--------+-----+--------+

Top non-repeatable levels by time:
     D:1: 1305 daAuts
     D:2: 347 daAuts
